 Dungeon Crawl Stone Soup version 0.17-a0-1701-gf693a3f (console) character file.

2912 Monkaria the Nimble (level 9, -4/47 HPs)
             Began as a Felid Chaos Knight on Aug 20, 2015.
             Slain by an orc warrior
             ... wielding a +0 glaive
              (22 damage)
             ... in a bailey.
             The game lasted 00:17:11 (9835 turns).

Monkaria the Nimble (Felid Chaos Knight)            Turns: 9835, Time: 00:17:11

Health: -4/47      AC:  2    Str: 11    XL:     9   Next: 49%
Magic:  10/10      EV: 29    Int: 15    God:    Xom [....*.]
Gold:   529        SH:  0    Dex: 20    Spells: 0 memorised, 8 levels left
                                        Lives:  0   Deaths: 2

rFire  . . .     SeeInvis +       - Unarmed
rCold  + + .     Clarity  .     (armour unavailable)
rNeg   + . .     SustAt   +     (shield unavailable)
rPois  .         Gourm    .     (helmet unavailable)
rElec  .         Spirit   .     (cloak unavailable)
rCorr  .         Warding  +     (gloves unavailable)
rMut   .         Stasis   .     (boots unavailable)
MR     +....                    r - amulet of warding
Stlth  +++.......               e - ring of flight
                                b - ring of sustain attributes

@: quick, somewhat resistant to hostile enchantments, fairly stealthy
A: no armour, no weapons or thrown items, claws 1, fangs 3, see invisible, agile
2, blink 1, carnivore 3, clever 1, cold resistance 2, deterioration 1, speed 1,
shaggy fur 2, slow metabolism 1, wild magic 2, sharp paws
a: Blink, Renounce Religion, Evoke Flight


You were in a bailey.
You worshipped Xom.
You were a beloved toy of Xom.
You were completely stuffed.

You visited 2 branches of the dungeon, and saw 9 of its levels.
You also visited: Sewer, Ossuary and Bailey.

You collected 529 gold pieces.

Inventory:

Jewellery
 b - a ring of sustain attributes (left paw)
 e - a ring of flight (right paw)
 l - an uncursed ring of see invisible
 r - an amulet of warding (around neck)
Scrolls
 g - 2 scrolls of remove curse
 h - a scroll of teleportation
 j - 3 scrolls of fear
 k - 3 scrolls of blinking
 p - a scroll of enchant weapon
 q - a scroll of fog
 y - 2 scrolls of amnesia
Potions
 c - a potion of haste
 d - 3 potions of flight
 o - 2 potions of might
 v - 5 potions of curing
 x - a potion of magic
 z - 2 potions of cancellation
 A - 5 potions of heal wounds
 C - a potion of berserk rage
 D - a potion of invisibility {unknown}
Books
 f - a book of Unlife

   Spells                             Type                      Level
   a - Recall                         Summoning/Translocation      3
   b - Animate Dead                   Necromancy                   4
   c - Control Undead                 Necromancy                   4
   d - Cigotuvi's Embrace             Necromancy                   5
   e - Death Channel                  Necromancy                   6
   f - Simulacrum                     Ice/Necromancy               6
 i - a book of Geomancy

   Spells                             Type                      Level
   a - Sandblast                      Earth                        1
   b - Stoneskin                      Transmutation/Earth          2
   c - Passwall                       Transmutation/Earth          3
   d - Stone Arrow                    Conjuration/Earth            3
   e - Petrify                        Transmutation/Earth          4
   f - Lee's Rapid Deconstruction     Earth                        5
 m - a book of Beasts

   Spells                             Type                      Level
   a - Summon Butterflies             Summoning                    1
   b - Call Canine Familiar           Summoning                    3
   c - Summon Ice Beast               Ice/Summoning                4
   d - Summon Mana Viper              Hexes/Summoning              5
   e - Summon Hydra                   Summoning                    7
 t - a book of Air

   Spells                             Type                      Level
   a - Shock                          Conjuration/Air              1
   b - Swiftness                      Charms/Air                   2
   c - Repel Missiles                 Charms/Air                   2
   d - Static Discharge               Conjuration/Air              3
   e - Lightning Bolt                 Conjuration/Air              5
Comestibles
 a - 4 meat rations
 n - a royal jelly
 s - a beef jerky
 w - a slice of pizza


   Skills:
 - Level 10.4 Fighting
 - Level 11.2 Dodging
 + Level 3.5 Stealth
 - Level 7.6 Unarmed Combat


You had 8 spell levels left.
You didn't know any spells.

Dungeon Overview and Level Annotations

Branches:
Dungeon (8/15)             Temple (1/1) D:4
   Lair: D:8-11

Altars:
Ashenzari
Cheibriados
Dithmenos
Elyvilon
Fedhas
Gozag
Kikubaaqudgha
Makhleb
Nemelex Xobeh
Okawaru
Qazlal
Ru
Sif Muna
Trog
Vehumet
Xom
Yredelemnul
Zin
The Shining One

Shops:
D:8 =


Innate Abilities, Weirdness & Mutations

You cannot wear armour.
You are incapable of wielding weapons or throwing items.
You have sharp claws.
You have razor-sharp teeth.
You have supernaturally acute eyesight.
You are carnivorous and can eat meat at any time.
You cover ground quickly.
You are covered in thick fur (AC +2).
You have a slow metabolism.
Your sharp claws are effective at attacking unaware monsters.
You are very agile. (Dex +4)
You can translocate small distances at will.
Your mind is acute. (Int +2)
Your flesh is very cold resistant.
Your body sometimes deteriorates upon taking damage.
Your spells are harder to cast, but more powerful.


Message History

You scratch the orc knight but do no damage.
The orc knight is moderately wounded.
You barely miss the orc knight.
The orc knight is moderately wounded.
The orc wizard gestures wildly while chanting.
The orc wizard blinks!
Unknown command.
The orc knight completely misses you.
The orc knight hits the gnoll with a halberd!
There is an open gate here.
You catch the helpless orc knight completely off-guard!
You claw the orc knight!
The orc knight is heavily wounded.
The gnoll misses you.
You scratch the orc knight but do no damage.
The orc knight is heavily wounded. "Serve the mortal, my children!"
The orc warrior hits you from afar with a glaive!!
You die...
Xom roars with laughter!

### ####### ##### ..##
##.....#########.....
...######.).....#.....#o.....
.).#....#)).....'5..o.'o.o...
.).'...))))..)..))oo.oo......
...#....#)......@goooggo.....
...######.).....#o....#o.....
..## ##....5#########.....
### ####### #####


You could see an orc knight (confused), 4 orc warriors, 2 orc wizards, 3 gnolls,
6 orcs and 2 friendly crimson imps.

Vanquished Creatures
  Pikel (D:4)
  The ghost of Grimwulf the Insei, an experienced DgTm (D:4)
  Grinder (D:4)
  A hungry ghost (D:8)
  A hippogriff (D:7)
  Menkaure (D:7)
  7 orc warriors (Bailey)
  4 slaves (D:4)
  The ghost of Monkaria the Scratcher, an average FeCK of Xom (D:3)
  2 black bears (D:7)
  2 ice beasts
  2 phantoms
  An ogre (D:4)
  2 centaurs
  A crocodile (Sewer)
  A big kobold (D:7)
  3 elf zombies (Ossuary)
  2 giant frogs (D:7)
  3 scorpions
  3 killer bees (D:7)
  A vampire bat (D:3)
  A crimson imp (D:6)
  A centaur skeleton (D:6)
  3 hounds
  A jelly (D:7)
  5 centaur zombies (Ossuary)
  A gnoll shaman (D:4)
  Crazy Yiuf (D:3)
  2 human zombies (Ossuary)
  A giant frog skeleton (D:6)
  An iguana (D:4)
  5 orc wizards
  3 orc priests
  Natasha (thrice) (D:3)
  3 worker ants
  A hound skeleton (D:6)
  4 mummies
  Robin (D:4)
  6 adders
  3 gnolls
  A shadow imp (D:8)
  3 oozes
  An adder skeleton (D:6)
  4 worms
  8 giant geckos
  45 orcs
  21 bats
  13 goblins
  10 hobgoblins
  12 jackals
  9 kobolds
  3 quokkas
  9 giant cockroaches
  6 giant newts
  A goblin zombie (D:8)
  A hobgoblin zombie (D:8)
  10 rats
  A fungus (D:3)
245 creatures vanquished.

Vanquished Creatures (collateral kills)
  An elf zombie (Ossuary)
  A centaur zombie (Ossuary)
  An orc wizard (D:4)
  2 orc priests (D:4)
  2 orcs (D:4)
7 creatures vanquished.

Vanquished Creatures (others)
  Edmund (D:7)
  An orc warrior (Bailey)
  A giant frog skeleton (D:7)
  A worker ant (D:4)
  A giant gecko (D:4)
  7 orcs (Bailey)
  A ball python (D:4)
13 creatures vanquished.

Grand Total: 265 creatures vanquished

Notes
Turn   | Place    | Note
--------------------------------------------------------------
     0 | D:1      | Monkaria the Felid Chaos Knight began the quest for the Orb.
     0 | D:1      | Reached XP level 1. HP: 10/10 MP: 2/2
   165 | D:1      | Reached XP level 2. HP: 12/14 MP: 3/3
   253 | D:1      | XOM: noise
   560 | D:1      | XOM: god gift: 12 sling bullets of frost
   912 | D:1      | XOM is BORED!
   912 | D:1      | XOM: mild Hex miscast
   943 | D:1      | Reached skill level 4 in Unarmed Combat
   997 | D:2      | Reached XP level 3. HP: 17/17 MP: 4/4
  1519 | D:2      | Found a radiant altar of Vehumet.
  1519 | D:2      | Found a burning altar of Makhleb.
  1596 | D:3      | Found a glowing drain.
  1600 | D:3      | Reached XP level 4. HP: 13/21 MP: 5/5
  1608 | D:3      | Reached skill level 5 in Unarmed Combat
  1725 | Sewer    | Entered a sewer
  1791 | Sewer    | XOM: vitrification
  1807 | Sewer    | Noticed a crocodile
  1831 | Sewer    | Killed a crocodile
  1831 | Sewer    | Reached XP level 5. HP: 24/24 MP: 6/6
  1963 | D:3      | Noticed Monkaria's ghost (average FeCK)
  1987 | D:3      | XOM: confuse monster(s)
  1992 | D:3      | XOM: divination: detect items
  1999 | D:3      | Killed Monkaria's ghost
  1999 | D:3      | Reached skill level 6 in Unarmed Combat
  2063 | D:3      | XOM: god gift: scale mail {god gift}
  2125 | D:3      | XOM: 4-stop teleportation journey
  2208 | D:3      | XOM: confuse monster(s)
  2218 | D:3      | Gained mutation: You are covered in thick fur (AC +2). [Felid growth]
  2218 | D:3      | Reached XP level 6. HP: 28/28 MP: 7/7
  2229 | D:3      | Noticed Natasha
  2233 | D:3      | Killed Natasha
  2292 | D:3      | XOM: cast spell 'Beastly Appendage'
  2298 | D:3      | Reached skill level 7 in Unarmed Combat
  2615 | D:3      | XOM: god gift: 20 stones
  2763 | D:3      | Noticed Natasha
  2770 | D:3      | Killed Natasha
  2823 | D:3      | Noticed Natasha
  2829 | D:3      | Killed Natasha
  2904 | D:3      | Noticed Crazy Yiuf
  2914 | D:3      | Killed Crazy Yiuf
  3138 | D:4      | Noticed Robin
  3161 | D:4      | Noticed Grinder
  3196 | D:4      | XOM: harmless Hex miscast
  3203 | D:4      | Killed Robin
  3219 | D:4      | XOM: mild Erth miscast
  3248 | D:4      | Noticed Grimwulf's ghost (experienced DgTm)
  3254 | D:4      | XOM: cast spell 'Ring of Flames'
  3258 | D:4      | Killed Grimwulf's ghost
  3258 | D:4      | Reached XP level 7. HP: 21/31 MP: 8/8
  3304 | D:4      | Found a blossoming altar of Fedhas.
  3304 | D:4      | XOM: 1-stop teleportation journey
  3352 | D:4      | XOM: swap monsters
  3589 | D:4      | Noticed Pikel
  3597 | D:4      | XOM: confuse monster(s)
  3603 | D:4      | XOM: summons 2 friendly demons
  3621 | D:4      | XOM: summons friendly iron imp
  3622 | D:4      | XOM: 1-stop teleportation journey
  3629 | D:4      | XOM: potion effect (haste)
  3632 | D:4      | Reached skill level 8 in Dodging
  3633 | D:4      | XOM: confuse monster(s)
  3640 | D:4      | Killed Grinder
  3640 | D:4      | Reached skill level 9 in Dodging
  3640 | D:4      | Reached XP level 8. HP: 28/34 MP: 9/9
  3641 | D:4      | XOM: cast spell 'Ring of Flames'
  3644 | D:4      | XOM: enchant monster (good)
  3661 | D:4      | XOM: summons friendly crimson imp
  3664 | D:4      | Mangled by Pikel
  3665 | D:4      | Reached XP level 7. HP: -6/31 MP: 8/8
  3751 | D:4      | XOM: butterfly on damage
  3757 | D:4      | XOM: 2-stop teleportation journey
  3776 | D:4      | XOM: destruction
  3787 | D:4      | Killed Pikel
  3787 | D:4      | Reached skill level 10 in Dodging
  3977 | D:4      | Reached skill level 11 in Dodging
  3988 | D:4      | XOM: summons friendly ufetubus
  3989 | D:4      | XOM: summons 4 friendly demons
  3996 | D:4      | Reached XP level 8. HP: 16/34 MP: 9/9
  4084 | D:4      | XOM: polymorph iguana -> river rat
  4086 | D:4      | XOM: destruction
  4384 | D:4      | Found a staircase to the Ecumenical Temple.
  4390 | D:4      | XOM: colour smoke trail
  4393 | Temple   | Entered the Ecumenical Temple
  4694 | D:5      | Entered Level 5 of the Dungeon
  4720 | D:5      | XOM: mild Erth miscast
  4730 | D:5      | XOM: noise
  4913 | D:4      | XOM: colour smoke trail
  5164 | D:4      | XOM: summons friendly crimson imp
  5245 | D:4      | XOM: give mutations
  5245 | D:4      | Gained mutation: You can translocate small distances at will. [Xom's mischief]
  5245 | D:4      | Gained mutation: Your body sometimes deteriorates upon taking damage. [Xom's mischief]
  5245 | D:4      | Gained mutation: You are frail (-10% HP). [Xom's mischief]
  5414 | D:5      | Reached skill level 5 in Fighting
  5557 | D:5      | Found a white marble altar of Elyvilon.
  5559 | D:5      | XOM: 2-stop teleportation journey
  5575 | D:5      | XOM: potion effect (haste)
  5662 | D:5      | Found a sparkling altar of Nemelex Xobeh.
  5667 | D:5      | Found a snail-covered altar of Cheibriados.
  5738 | D:5      | XOM: give mutations
  5738 | D:5      | Gained mutation: Your body often deteriorates upon taking damage. [Xom's mischief]
  5738 | D:5      | Gained mutation: You are clumsy. (Dex -2) [Xom's mischief]
  5738 | D:5      | Gained mutation: Your mind is acute. (Int +2) [Xom's mischief]
  5822 | D:6      | Found a shattered altar of Ashenzari.
  5927 | D:6      | Found an iron altar of Okawaru.
  6095 | D:6      | Found a sacrificial altar of Ru.
  6233 | D:6      | XOM: mild Air miscast
  6315 | D:6      | XOM: butterfly on damage
  6351 | D:6      | XOM: 1-stop teleportation journey
  6648 | D:7      | Noticed Menkaure
  6664 | D:7      | Killed Menkaure
  6828 | D:7      | XOM: god gift: scroll of blinking
  6990 | D:7      | XOM: enchant monster (good)
  7066 | D:7      | XOM: draining
  7199 | D:7      | XOM: god gift: leatherbound book {god gift}
  7293 | D:7      | Reached XP level 9. HP: 38/38 MP: 10/10
  7474 | D:7      | XOM: divination: detect creatures
  7659 | D:7      | XOM: 7-stop teleportation journey
  7697 | D:7      | XOM: mild Summ miscast
  7734 | D:7      | XOM: cast spell 'Spider Form'
  7839 | D:7      | XOM: summons 5 friendly demons
  7868 | D:7      | XOM: butterfly on damage
  7873 | D:7      | HP: 2/40 [poisoned by a killer bee]
  7878 | D:7      | Succumbed to a killer bee's poison
  7879 | D:7      | Reached XP level 8. HP: 0/36 MP: 9/9
  8211 | D:8      | Noticed Edmund
  8222 | D:7      | XOM: enchant monster (bad)
  8240 | D:7      | Killed Edmund
  8240 | D:7      | XOM: divine lightning (protected)
  8352 | D:8      | XOM: give mutations
  8352 | D:8      | Lost mutation: You are clumsy. (Dex -2) [Xom's grace]
  8352 | D:8      | Gained mutation: Your spells are a little harder to cast, but a little more powerful. [Xom's grace]
  8352 | D:8      | Gained mutation: Your flesh is cold resistant. [Xom's grace]
  8352 | D:8      | Gained mutation: You are agile. (Dex +2) [Xom's grace]
  8363 | D:8      | Found Roet's Jewellery Boutique.
  8413 | D:8      | XOM: potion effect (haste)
  8463 | D:8      | XOM: smoke on damage
  8487 | D:8      | Found a sand-covered staircase.
  8498 | Ossuary  | Entered an ossuary
  8506 | Ossuary  | XOM: scenery: 4 doors open
  8714 | Ossuary  | XOM: confuse monster(s)
  8716 | Ossuary  | XOM: destruction
  8728 | Ossuary  | XOM: medium Conj miscast
  8730 | Ossuary  | XOM: summons 8 friendly demons
  8734 | Ossuary  | XOM: give mutation
  8734 | Ossuary  | Lost mutation: You are frail (-10% HP). [Xom's grace]
  8744 | Ossuary  | Reached XP level 9. HP: 22/46 MP: 10/10
  8771 | Ossuary  | Reached skill level 10 in Fighting
  8784 | Ossuary  | XOM: divination: magic mapping
  8809 | Ossuary  | XOM: confuse monster(s)
  8813 | Ossuary  | XOM: summons friendly quasit
  9016 | D:8      | Found a flagged portal.
  9040 | Bailey   | Entered a bailey
  9069 | Bailey   | XOM: potion effect (berserk rage)
  9224 | Bailey   | XOM: destruction
  9228 | Bailey   | XOM: destruction
  9238 | Bailey   | XOM: confuse monster(s)
  9248 | Bailey   | Reached skill level 1 in Stealth
  9333 | Bailey   | XOM: give mutations
  9333 | Bailey   | Gained mutation: You are very agile. (Dex +4) [Xom's mischief]
  9333 | Bailey   | Lost mutation: Your body often deteriorates upon taking damage. [Xom's mischief]
  9333 | Bailey   | Gained mutation: Your flesh is very cold resistant. [Xom's mischief]
  9528 | Bailey   | Gained mutation: Your spells are harder to cast, but more powerful. [potion of beneficial mutation]
  9643 | Bailey   | XOM: 1-stop teleportation journey
  9644 | Bailey   | Noticed an orc knight
  9644 | Bailey   | Noticed an orc knight
  9807 | Bailey   | XOM: divination: detect creatures
  9809 | Bailey   | XOM: confuse monster(s)
  9835 | Bailey   | XOM: summons 2 friendly demons
  9835 | Bailey   | Slain by an orc warrior

Vault maps used:
D:1:      shiori_arrival_maze
D:2:      gammafunk_temple_overflow_elements, first_bread
D:3:      gup_sewer_entry_pipe, roderic_batcave, uniq_natasha,
          uniq_crazy_yiuf_cottage
D:4:      overflow_temple_1_default, lemuel_temple_firewalk_marked, uniq_pikel,
          uniq_robin, uniq_grinder
D:5:      grunt_temple_overflow_open, hangedman_abyss_or_decor_lesser_grid,
          minmay_misc_feat_five, hangedman_decor_clover_reticule,
          elyvilon_altar_1, uniq_edmund
D:6:      nicolae_ru_path_of_blood, nicolae_ashenzari_panopticon,
          okawaru_metal_pillars_1_2
D:7:      uniq_menkaure
D:8:      enter_bailey_2, basic_altar, nicolae_ossuary_entry_giza, serial_shops,
          kennysheep_mini
Temple:   dpeg_five_rooms_temple_12
Sewer:    sewer_big_baddie
Ossuary:  ossuary_minmay_four_chambers
Bailey:   bailey_polearm_5, bailey

Action                   |  1- 3 |  4- 6 |  7- 9 || total
-------------------------+-------+-------+-------++-------
Melee: Unarmed           |   119 |   164 |   594 ||   877
  Use: Scroll            |     2 |     7 |    11 ||    20
       Potion            |       |     5 |    13 ||    18
 Stab: Sleeping          |    10 |     3 |     4 ||    17
       Distracted        |     1 |       |     3 ||     4
       Confused          |       |     1 |     7 ||     8
       Paralysed         |       |       |     1 ||     1
  Eat: Chunk             |     7 |     5 |    24 ||    36
